Workbook

Sheet 资产负债表
C2: 1 | D2: 2 | E2: 3 | F2: 4 | H2: =C2 -> 1 | I2: =D2 -> 2 | J2: =E2 -> 3 | K2: =F2 -> 4
B4: 现金 | C4: 380 | D4: 2171 | E4: 0 | F4: 0 | G4: 短期借款 | H4: 0 | I4: 0 | J4: 3824 | K4: 14390
B5: 应收账款 | C5: 14559 | D5: 14621 | E5: 24050 | F5: 29373 | G5: 应付账款 | H5: 7408 | I5: 8865 | J5: 14520 | K5: 16254
B6: 预付款 | C6: 0 | D6: 0 | E6: 0 | F6: 0 | G6: 预收款 | H6: 0 | I6: 0 | J6: 0 | K6: 0
B7: 存货 | C7: 4575 | D7: 2654 | E7: 3543 | F7: 3369 | G7: 其它流动负债 | H7: 4512 | I7: 2965 | J7: 3851 | K7: 3635
B8: 其它流动资产 | C8: 300 | D8: 1123 | E8: 2120 | F8: 2485
G9: 流动负债(除短期借款)合计 | H9: =SUM(H5:H8) -> 11920 | I9: =SUM(I5:I8) -> 11830 | J9: =SUM(J5:J8) -> 18371 | K9: =SUM(K5:K8) -> 19889
B10: 流动资产(除现金)合计 | C10: =SUM(C5:C9) -> 19434 | D10: =SUM(D5:D9) -> 18398 | E10: =SUM(E5:E9) -> 29713 | F10: =SUM(F5:F9) -> 35227 | G10: 流动负债合计 | H10: =SUM(H4:H7) -> 11920 | I10: =SUM(I4:I7) -> 11830 | J10: =SUM(J4:J7) -> 22195 | K10: =SUM(K4:K7) -> 34279
B11: 流动资产合计 | C11: =SUM(C4:C8) -> 19814 | D11: =SUM(D4:D8) -> 20569 | E11: =SUM(E4:E8) -> 29713 | F11: =SUM(F4:F8) -> 35227
G12: 长期借款 | H12: 4816 | I12: 6752 | J12: 8757 | K12: 12835
B13: 固定资产 | C13: 5567 | D13: 7534 | E13: 9333 | F13: 14592 | G13: 长期债券 | H13: 0 | I13: 0 | J13: 0 | K13: 0
B14: 无形资产 | C14: 0 | D14: 0 | E14: 0 | F14: 0
B15: 长期投资 | C15: 0 | D15: 0 | E15: 0 | F15: 0 | G15: 长期负债合计 | H15: =SUM(H12:H14) -> 4816 | I15: =SUM(I12:I14) -> 6752 | J15: =SUM(J12:J14) -> 8757 | K15: =SUM(K12:K14) -> 12835
B17: 长期资产合计 | C17: =SUM(C13:C16) -> 5567 | D17: =SUM(D13:D16) -> 7534 | E17: =SUM(E13:E16) -> 9333 | F17: =SUM(F13:F16) -> 14592 | G17: 实收资本 | H17: 1500 | I17: 1600 | J17: 1600 | K17: 1600
G18: 基金 | H18: 265 | I18: 343 | J18: 412 | K18: 465
G19: 未分配利润 | H19: 6675 | I19: 6720 | J19: 5624 | K19: 632
G20: 本期利润 | H20: ='"利润表"'!C18 -> 3444.47 | I20: ='"利润表"'!E18 -> 858.27 | J20: ='"利润表"'!G18 -> 457.61 | K20: ='"利润表"'!I18 -> 8.04
G22: 所有者权益合计 | H22: =SUM(H17:H21) -> 11884.47 | I22: =SUM(I17:I21) -> 9521.27 | J22: =SUM(J17:J21) -> 8093.61 | K22: =SUM(K17:K21) -> 2705.04
B24: 总计 | C24: =C10+C17+C4 -> 25381 | D24: =D10+D17+D4 -> 28103 | E24: =E10+E17+E4 -> 39046 | F24: =F10+F17+F4 -> 49819 | G24: 总计 | H24: =H9+H15+H22+H4 -> 28620.47 | I24: =I9+I15+I22+I4 -> 28103.27 | J24: =J9+J15+J22+J4 -> 39045.61 | K24: =K9+K15+K22+K4 -> 49819.04
C26: 资金占用 | H26: 资金来源

Sheet "利润表"
C3: =资产负债表!C2 -> 1 | D3: % | E3: =资产负债表!D2 -> 2 | F3: % | G3: =资产负债表!E2 -> 3 | H3: % | I3: =资产负债表!F2 -> 4 | J3: % | K3: 目标利润率
A4: Revenues | B4: 收入 | C4: 45823 | D4: =C4/C$4 -> 1 | E4: 49681 | F4: =E4/E$4 -> 1 | G4: 60735 | H4: =G4/G$4 -> 1 | I4: 80501 | J4: =I4/I$4 -> 1
A5: Cost of goods sold | B5: 产品销售成本 | C5: 30485 | D5: =C5/C$4 -> 0.66527726 | E5: 32056 | F5: =E5/E$4 -> 0.64523661 | G5: 39685 | H5: =G5/G$4 -> 0.65341237 | I5: 52136 | J5: =I5/I$4 -> 0.64764413 | K5: 0.66
A6: Gross margin | B6: 毛利 | C6: =C4-C5 -> 15338 | D6: =C6/C$4 -> 0.33472274 | E6: =E4-E5 -> 17625 | F6: =E6/E$4 -> 0.35476339 | G6: =G4-G5 -> 21050 | H6: =G6/G$4 -> 0.34658763 | I6: =I4-I5 -> 28365 | J6: =I6/I$4 -> 0.35235587
A7: Sales expenses | B7: 销售费用 | C7: 3000 | D7: =C7/C$4 -> 0.065469306 | E7: =1326+7452 -> 8778 | F7: =E7/E$4 -> 0.17668726 | G7: =1632+9110 -> 10742 | H7: =G7/G$4 -> 0.17686672 | I7: =2154+12075 -> 14229 | J7: =I7/I$4 -> 0.17675557 | K7: 0.08
A8: Sales&Marketing contribution | B8: 营销贡献 | C8: =C6-C7 -> 12338 | D8: =C8/C$4 -> 0.26925343 | E8: =E6-E7 -> 8847 | F8: =E8/E$4 -> 0.17807613 | G8: =G6-G7 -> 10308 | H8: =G8/G$4 -> 0.16972092 | I8: =I6-I7 -> 14136 | J8: =I8/I$4 -> 0.1756003
A9: General&Administrative expenses | B9: 管理费用 | C9: 5692 | D9: =C9/C$4 -> 0.1242171 | E9: 6321 | F9: =E9/E$4 -> 0.12723174 | G9: 7965 | H9: =G9/G$4 -> 0.13114349 | I9: 10658 | J9: =I9/I$4 -> 0.13239587 | K9: 0.08
A10: Others operating income or expenses | B10: 其它收支 | C10: 0 | D10: =C10/C$4 -> 0 | E10: 0 | F10: =E10/E$4 -> 0 | G10: 0 | H10: =G10/G$4 -> 0 | I10: 0 | J10: =I10/I$4 -> 0 | K10: 0.025
A11: Management Result(EBIT,earnings before interest and tax) | B11: 经营成果 | C11: =C8-C9-C10 -> 6646 | D11: =C11/C$4 -> 0.14503634 | E11: =E8-E9-E10 -> 2526 | F11: =E11/E$4 -> 0.050844387 | G11: =G8-G9-G10 -> 2343 | H11: =G11/G$4 -> 0.038577427 | I11: =I8-I9-I10 -> 3478 | J11: =I11/I$4 -> 0.043204432
A12: Financial income | B12: 财务收入 | C12: 10 | D12: =C12/C$4 -> 0.00021823102 | E12: 12 | F12: =E12/E$4 -> 0.00024154103 | G12: 0 | H12: =G12/G$4 -> 0 | I12: 0 | J12: =I12/I$4 -> 0
A13: Financial expenses | B13: 财务支出 | C13: 1259 | D13: =C13/C$4 -> 0.027475285 | E13: 1022 | F13: =E13/E$4 -> 0.020571245 | G13: 1652 | H13: =G13/G$4 -> 0.027200132 | I13: 3457 | J13: =I13/I$4 -> 0.042943566 | L13: 0.02
A14: Operating income | B14: 营业利润(中国) | C14: =C11+C12-C13 -> 5397 | D14: =C14/C$4 -> 0.11777928 | E14: =E11+E12-E13 -> 1516 | F14: =E14/E$4 -> 0.030514684 | G14: =G11+G12-G13 -> 691 | H14: =G14/G$4 -> 0.011377295 | I14: =I11+I12-I13 -> 21 | J14: =I14/I$4 -> 0.00026086632
A15: Non operating result | B15: 营业外收支 | C15: 256 | D15: =C15/C$4 -> 0.0055867141 | E15: 235 | F15: =E15/E$4 -> 0.0047301785 | G15: 8 | H15: =G15/G$4 -> 0.00013171977 | I15: 9 | J15: =I15/I$4 -> 0.00011179985 | K15: 0.015
A16: Income before tax (EBT,earnings before tax) | B16: 税前利润 | C16: =C14-C15 -> 5141 | D16: =C16/C$4 -> 0.11219257 | E16: =E14-E15 -> 1281 | F16: =E16/E$4 -> 0.025784505 | G16: =G14-G15 -> 683 | H16: =G16/G$4 -> 0.011245575 | I16: =I14-I15 -> 12 | J16: =I16/I$4 -> 0.00014906647 | K16: =1-K5-K7-K9-K10-L13-K15 -> 0.12
A17: Income tax | B17: 所得税 | C17: =C16*$B$19 -> 1696.53 | D17: =C17/C$4 -> 0.037023547 | E17: =E16*$B$19 -> 422.73 | F17: =E17/E$4 -> 0.0085088867 | G17: =G16*$B$19 -> 225.39 | H17: =G17/G$4 -> 0.0037110398 | I17: =I16*$B$19 -> 3.96 | J17: =I17/I$4 -> 4.9191936e-05 | K17: =K16*B19 -> 0.0396
A18: Net income | B18: 净利润 | C18: =C16-C17 -> 3444.47 | D18: =C18/C$4 -> 0.07516902 | E18: =E16-E17 -> 858.27 | F18: =E18/E$4 -> 0.017275618 | G18: =G16-G17 -> 457.61 | H18: =G18/G$4 -> 0.0075345353 | I18: =I16-I17 -> 8.04 | J18: =I18/I$4 -> 9.9874536e-05 | K18: =K16-K17 -> 0.0804
A19: 所得税率 | B19: 0.33

Sheet 营运资本分析
B1: =资产负债表!C2 -> 1 | C1: =资产负债表!D2 -> 2 | D1: =资产负债表!E2 -> 3 | E1: =资产负债表!F2 -> 4 | H1: =B1 -> 1 | I1: =C1 -> 2 | J1: =D1 -> 3 | K1: =E1 -> 4
A3: 现金 | B3: =资产负债表!C4 -> 380 | C3: =资产负债表!D4 -> 2171 | D3: =资产负债表!E4 -> 0 | E3: =资产负债表!F4 -> 0 | G3: 短期借款 | H3: =资产负债表!H4 -> 0 | I3: =资产负债表!I4 -> 0 | J3: =资产负债表!J4 -> 3824 | K3: =资产负债表!K4 -> 14390
E7: =B1 -> 1 | F7: =C1 -> 2 | G7: =D1 -> 3 | H7: =E1 -> 4
D9: 净现金 | E9: =B3-H3 -> 380 | F9: =C3-I3 -> 2171 | G9: =D3-J3 -> -3824 | H9: =E3-K3 -> -14390
B11: =B1 -> 1 | C11: =C1 -> 2 | D11: =D1 -> 3 | E11: =E1 -> 4 | H11: =H1 -> 1 | I11: =I1 -> 2 | J11: =J1 -> 3 | K11: =K1 -> 4
A13: 应收账款 | B13: =资产负债表!C5 -> 14559 | C13: =资产负债表!D5 -> 14621 | D13: =资产负债表!E5 -> 24050 | E13: =资产负债表!F5 -> 29373 | G13: 应付账款 | H13: =资产负债表!H5 -> 7408 | I13: =资产负债表!I5 -> 8865 | J13: =资产负债表!J5 -> 14520 | K13: =资产负债表!K5 -> 16254
A14: 预付款 | B14: =资产负债表!C6 -> 0 | C14: =资产负债表!D6 -> 0 | D14: =资产负债表!E6 -> 0 | E14: =资产负债表!F6 -> 0 | G14: 预收款 | H14: =资产负债表!H6 -> 0 | I14: =资产负债表!I6 -> 0 | J14: =资产负债表!J6 -> 0 | K14: =资产负债表!K6 -> 0
A15: 存货 | B15: =资产负债表!C7 -> 4575 | C15: =资产负债表!D7 -> 2654 | D15: =资产负债表!E7 -> 3543 | E15: =资产负债表!F7 -> 3369 | G15: 其它流动负债 | H15: =资产负债表!H7 -> 4512 | I15: =资产负债表!I7 -> 2965 | J15: =资产负债表!J7 -> 3851 | K15: =资产负债表!K7 -> 3635
A16: 其它流动资产 | B16: =资产负债表!C8 -> 300 | C16: =资产负债表!D8 -> 1123 | D16: =资产负债表!E8 -> 2120 | E16: =资产负债表!F8 -> 2485 | G16: 短期来源 | H16: =SUM(H13:H15) -> 11920 | I16: =SUM(I13:I15) -> 11830 | J16: =SUM(J13:J15) -> 18371 | K16: =SUM(K13:K15) -> 19889
A17: 短期占用 | B17: =SUM(B13:B16) -> 19434 | C17: =SUM(C13:C16) -> 18398 | D17: =SUM(D13:D16) -> 29713 | E17: =SUM(E13:E16) -> 35227
E21: =E7 -> 1 | F21: =F7 -> 2 | G21: =G7 -> 3 | H21: =H7 -> 4
D23: 营运资本所需 | E23: =B17-H16 -> 7514 | F23: =C17-I16 -> 6568 | G23: =D17-J16 -> 11342 | H23: =E17-K16 -> 15338
B25: =E21 -> 1 | C25: =F21 -> 2 | D25: =G21 -> 3 | E25: =H21 -> 4 | H25: =E21 -> 1 | I25: =F21 -> 2 | J25: =G21 -> 3 | K25: =H21 -> 4
A27: 固定资产 | B27: =资产负债表!C13 -> 5567 | C27: =资产负债表!D13 -> 7534 | D27: =资产负债表!E13 -> 9333 | E27: =资产负债表!F13 -> 14592 | G27: 长期借款 | H27: =资产负债表!H12 -> 4816 | I27: =资产负债表!I12 -> 6752 | J27: =资产负债表!J12 -> 8757 | K27: =资产负债表!K12 -> 12835
A28: 无形资产 | B28: =资产负债表!C14 -> 0 | C28: =资产负债表!D14 -> 0 | D28: =资产负债表!E14 -> 0 | E28: =资产负债表!F14 -> 0 | G28: 长期债券 | H28: =资产负债表!H13 -> 0 | I28: =资产负债表!I13 -> 0 | J28: =资产负债表!J13 -> 0 | K28: =资产负债表!K13 -> 0
A29: 长期投资 | B29: =资产负债表!C15 -> 0 | C29: =资产负债表!D15 -> 0 | D29: =资产负债表!E15 -> 0 | E29: =资产负债表!F15 -> 0
A30: 长期资金占用 | B30: =SUM(B27:B29) -> 5567 | C30: =SUM(C27:C29) -> 7534 | D30: =SUM(D27:D29) -> 9333 | E30: =SUM(E27:E29) -> 14592 | G30: 长期外部资金来源合计 | H30: =SUM(H27:H29) -> 4816 | I30: =SUM(I27:I29) -> 6752 | J30: =SUM(J27:J29) -> 8757 | K30: =SUM(K27:K29) -> 12835
G32: 实收资本 | H32: =资产负债表!H17 -> 1500 | I32: =资产负债表!I17 -> 1600 | J32: =资产负债表!J17 -> 1600 | K32: =资产负债表!K17 -> 1600
G33: 基金 | H33: =资产负债表!H18 -> 265 | I33: =资产负债表!I18 -> 343 | J33: =资产负债表!J18 -> 412 | K33: =资产负债表!K18 -> 465
G34: 未分配利润 | H34: =资产负债表!H19 -> 6675 | I34: =资产负债表!I19 -> 6720 | J34: =资产负债表!J19 -> 5624 | K34: =资产负债表!K19 -> 632
G35: 本期利润 | H35: =资产负债表!H20 -> 3444.47 | I35: =资产负债表!I20 -> 858.27 | J35: =资产负债表!J20 -> 457.61 | K35: =资产负债表!K20 -> 8.04
G37: 所有者权益合计 | H37: =SUM(H32:H36) -> 11884.47 | I37: =SUM(I32:I36) -> 9521.27 | J37: =SUM(J32:J36) -> 8093.61 | K37: =SUM(K32:K36) -> 2705.04
G38: 长期资金来源合计 | H38: =H30+H37 -> 16700.47 | I38: =I30+I37 -> 16273.27 | J38: =J30+J37 -> 16850.61 | K38: =K30+K37 -> 15540.04
E43: =H25 -> 1 | F43: =I25 -> 2 | G43: =J25 -> 3 | H43: =K25 -> 4
D45: 营运资本来源 | E45: =H38-B30 -> 11133.47 | F45: =I38-C30 -> 8739.27 | G45: =J38-D30 -> 7517.61 | H45: =K38-E30 -> 948.04
E48: =E43 -> 1 | F48: =F43 -> 2 | G48: =G43 -> 3 | H48: =H43 -> 4
D50: 净现金 | E50: =E9 -> 380 | F50: =F9 -> 2171 | G50: =G9 -> -3824 | H50: =H9 -> -14390
D51: 营运资本所需 | E51: =E23 -> 7514 | F51: =F23 -> 6568 | G51: =G23 -> 11342 | H51: =H23 -> 15338
D52: 营运资本来源 | E52: =E45 -> 11133.47 | F52: =F45 -> 8739.27 | G52: =G45 -> 7517.61 | H52: =H45 -> 948.04
E53: =E48 -> 1 | F53: =F48 -> 2 | G53: =G48 -> 3 | H53: =H48 -> 4
D55: 净现金 | E55: =E50/E$51 -> 0.050572265 | F55: =F50/F$51 -> 0.33054202 | G55: =G50/G$51 -> -0.33715394 | H55: =H50/H$51 -> -0.93819272
D56: 营运资本所需 | E56: =E51/E$51 -> 1 | F56: =F51/F51 -> 1 | G56: =G51/G51 -> 1 | H56: =H51/H51 -> 1
D57: 营运资本来源 | E57: =E52/E$51 -> 1.4816968 | F57: =F52/F$51 -> 1.3305831 | G57: =G52/G$51 -> 0.66281167 | H57: =H52/H$51 -> 0.061809884

Sheet "营运资本比率分析"
A1: 收入 | B1: ='"利润表"'!C4 -> 45823 | C1: ='"利润表"'!E4 -> 49681 | D1: ='"利润表"'!G4 -> 60735 | E1: ='"利润表"'!I4 -> 80501 | H1: ='"利润表"'!C4 -> 45823 | I1: ='"利润表"'!E4 -> 49681 | J1: ='"利润表"'!G4 -> 60735 | K1: ='"利润表"'!I4 -> 80501
B2: =资产负债表!C2 -> 1 | C2: =资产负债表!D2 -> 2 | D2: =资产负债表!E2 -> 3 | E2: =资产负债表!F2 -> 4 | H2: =B2 -> 1 | I2: =C2 -> 2 | J2: =D2 -> 3 | K2: =E2 -> 4
A4: 现金 | B4: =营运资本分析!B3/'"营运资本比率分析"'!B1 -> 0.0082927787 | C4: =营运资本分析!C3/'"营运资本比率分析"'!C1 -> 0.043698798 | D4: =营运资本分析!D3/'"营运资本比率分析"'!D1 -> 0 | E4: =营运资本分析!E3/'"营运资本比率分析"'!E1 -> 0 | G4: 短期借款 | H4: =营运资本分析!H3/'"营运资本比率分析"'!H1 -> 0 | I4: =营运资本分析!I3/'"营运资本比率分析"'!I1 -> 0 | J4: =营运资本分析!J3/'"营运资本比率分析"'!J1 -> 0.062962048 | K4: =营运资本分析!K3/'"营运资本比率分析"'!K1 -> 0.17875554
E8: =H2 -> 1 | F8: =I2 -> 2 | G8: =J2 -> 3 | H8: =K2 -> 4
D10: 净现金 | E10: =营运资本分析!E9/'"营运资本比率分析"'!B1 -> 0.0082927787 | F10: =营运资本分析!F9/'"营运资本比率分析"'!C1 -> 0.043698798 | G10: =营运资本分析!G9/'"营运资本比率分析"'!D1 -> -0.062962048 | H10: =营运资本分析!H9/'"营运资本比率分析"'!E1 -> -0.17875554
B12: =E8 -> 1 | C12: =F8 -> 2 | D12: =G8 -> 3 | E12: =H8 -> 4 | F12: 目标% | H12: =B12 -> 1 | I12: =C12 -> 2 | J12: =D12 -> 3 | K12: =E12 -> 4 | L12: 目标%
A14: 应收账款 | B14: =营运资本分析!B13/'"营运资本比率分析"'!B$1 -> 0.31772254 | C14: =营运资本分析!C13/'"营运资本比率分析"'!C1 -> 0.29429762 | D14: =营运资本分析!D13/'"营运资本比率分析"'!D1 -> 0.39598255 | E14: =营运资本分析!E13/'"营运资本比率分析"'!E1 -> 0.36487745 | F14: 0.3 | G14: 应付账款 | H14: =营运资本分析!H13/'"营运资本比率分析"'!H$1 -> 0.16166554 | I14: =营运资本分析!I13/'"营运资本比率分析"'!I$1 -> 0.17843844 | J14: =营运资本分析!J13/'"营运资本比率分析"'!J$1 -> 0.23907138 | K14: =营运资本分析!K13/'"营运资本比率分析"'!K$1 -> 0.20191054 | L14: 0.25
A15: 预付款 | B15: =营运资本分析!B14/'"营运资本比率分析"'!B$1 -> 0 | C15: =营运资本分析!C14/'"营运资本比率分析"'!C$1 -> 0 | D15: =营运资本分析!D14/'"营运资本比率分析"'!D$1 -> 0 | E15: =营运资本分析!E14/'"营运资本比率分析"'!E$1 -> 0 | F15: 0 | G15: 预收款 | H15: =营运资本分析!H14/'"营运资本比率分析"'!H$1 -> 0 | I15: =营运资本分析!I14/'"营运资本比率分析"'!I$1 -> 0 | J15: =营运资本分析!J14/'"营运资本比率分析"'!J$1 -> 0 | K15: =营运资本分析!K14/'"营运资本比率分析"'!K$1 -> 0 | L15: 0
A16: 存货 | B16: =营运资本分析!B15/'"营运资本比率分析"'!B$1 -> 0.099840691 | C16: =营运资本分析!C15/'"营运资本比率分析"'!C$1 -> 0.053420825 | D16: =营运资本分析!D15/'"营运资本比率分析"'!D$1 -> 0.058335391 | E16: =营运资本分析!E15/'"营运资本比率分析"'!E$1 -> 0.041850412 | F16: 0.1 | G16: 其它流动负债 | H16: =营运资本分析!H15/'"营运资本比率分析"'!H$1 -> 0.098465836 | I16: =营运资本分析!I15/'"营运资本比率分析"'!I$1 -> 0.059680763 | J16: =营运资本分析!J15/'"营运资本比率分析"'!J$1 -> 0.063406602 | K16: =营运资本分析!K15/'"营运资本比率分析"'!K$1 -> 0.045154719 | L16: 0.05
A17: 其它流动资产 | B17: =营运资本分析!B16/'"营运资本比率分析"'!B$1 -> 0.0065469306 | C17: =营运资本分析!C16/'"营运资本比率分析"'!C$1 -> 0.022604215 | D17: =营运资本分析!D16/'"营运资本比率分析"'!D$1 -> 0.034905738 | E17: =营运资本分析!E16/'"营运资本比率分析"'!E$1 -> 0.030869182 | F17: 0.03 | G17: 短期来源 | H17: =营运资本分析!H16/'"营运资本比率分析"'!H$1 -> 0.26013138 | I17: =营运资本分析!I16/'"营运资本比率分析"'!I$1 -> 0.2381192 | J17: =营运资本分析!J16/'"营运资本比率分析"'!J$1 -> 0.30247798 | K17: =营运资本分析!K16/'"营运资本比率分析"'!K$1 -> 0.24706525 | L17: =SUM(L14:L16) -> 0.3
A18: 短期占用 | B18: =营运资本分析!B17/'"营运资本比率分析"'!B$1 -> 0.42411016 | C18: =营运资本分析!C17/'"营运资本比率分析"'!C$1 -> 0.37032266 | D18: =营运资本分析!D17/'"营运资本比率分析"'!D$1 -> 0.48922368 | E18: =营运资本分析!E17/'"营运资本比率分析"'!E$1 -> 0.43759705 | F18: =SUM(F14:F17) -> 0.43
E22: =H12 -> 1 | F22: =I12 -> 2 | G22: =J12 -> 3 | H22: =K12 -> 4
D24: 营运资本所需 | E24: =营运资本分析!E23/'"营运资本比率分析"'!B1 -> 0.16397879 | F24: =营运资本分析!F23/'"营运资本比率分析"'!C1 -> 0.13220346 | G24: =营运资本分析!G23/'"营运资本比率分析"'!D1 -> 0.1867457 | H24: =营运资本分析!H23/'"营运资本比率分析"'!E1 -> 0.19053179
B26: =E22 -> 1 | C26: =F22 -> 2 | D26: =G22 -> 3 | E26: =H22 -> 4 | H26: =E22 -> 1 | I26: =F22 -> 2 | J26: =G22 -> 3 | K26: =H22 -> 4
A28: 固定资产 | B28: =营运资本分析!B27/'"营运资本比率分析"'!B$1 -> 0.12148921 | C28: =营运资本分析!C27/'"营运资本比率分析"'!C$1 -> 0.15164751 | D28: =营运资本分析!D27/'"营运资本比率分析"'!D$1 -> 0.15366757 | E28: =营运资本分析!E27/'"营运资本比率分析"'!E$1 -> 0.18126483 | G28: 长期借款 | H28: =营运资本分析!H27/'"营运资本比率分析"'!H$1 -> 0.10510006 | I28: =营运资本分析!I27/'"营运资本比率分析"'!I$1 -> 0.13590709 | J28: =营运资本分析!J27/'"营运资本比率分析"'!J$1 -> 0.14418375 | K28: =营运资本分析!K27/'"营运资本比率分析"'!K$1 -> 0.15943901
A29: 无形资产 | B29: =营运资本分析!B28/'"营运资本比率分析"'!B$1 -> 0 | C29: =营运资本分析!C28/'"营运资本比率分析"'!C$1 -> 0 | D29: =营运资本分析!D28/'"营运资本比率分析"'!D$1 -> 0 | E29: =营运资本分析!E28/'"营运资本比率分析"'!E$1 -> 0 | G29: 长期债券 | H29: =营运资本分析!H28/'"营运资本比率分析"'!H$1 -> 0 | I29: =营运资本分析!I28/'"营运资本比率分析"'!I$1 -> 0 | J29: =营运资本分析!J28/'"营运资本比率分析"'!J$1 -> 0 | K29: =营运资本分析!K28/'"营运资本比率分析"'!K$1 -> 0
A30: 长期投资 | B30: =营运资本分析!B29/'"营运资本比率分析"'!B$1 -> 0 | C30: =营运资本分析!C29/'"营运资本比率分析"'!C$1 -> 0 | D30: =营运资本分析!D29/'"营运资本比率分析"'!D$1 -> 0 | E30: =营运资本分析!E29/'"营运资本比率分析"'!E$1 -> 0 | H30: =营运资本分析!H29/'"营运资本比率分析"'!H$1 -> 0 | I30: =营运资本分析!I29/'"营运资本比率分析"'!I$1 -> 0 | J30: =营运资本分析!J29/'"营运资本比率分析"'!J$1 -> 0 | K30: =营运资本分析!K29/'"营运资本比率分析"'!K$1 -> 0
A31: 长期资金占用 | B31: =营运资本分析!B30/'"营运资本比率分析"'!B$1 -> 0.12148921 | C31: =营运资本分析!C30/'"营运资本比率分析"'!C$1 -> 0.15164751 | D31: =营运资本分析!D30/'"营运资本比率分析"'!D$1 -> 0.15366757 | E31: =营运资本分析!E30/'"营运资本比率分析"'!E$1 -> 0.18126483 | G31: 长期外部资金来源合计 | H31: =营运资本分析!H30/'"营运资本比率分析"'!H$1 -> 0.10510006 | I31: =营运资本分析!I30/'"营运资本比率分析"'!I$1 -> 0.13590709 | J31: =营运资本分析!J30/'"营运资本比率分析"'!J$1 -> 0.14418375 | K31: =营运资本分析!K30/'"营运资本比率分析"'!K$1 -> 0.15943901
G33: 实收资本 | H33: =营运资本分析!H32/'"营运资本比率分析"'!H$1 -> 0.032734653 | I33: =营运资本分析!I32/'"营运资本比率分析"'!I$1 -> 0.032205471 | J33: =营运资本分析!J32/'"营运资本比率分析"'!J$1 -> 0.026343953 | K33: =营运资本分析!K32/'"营运资本比率分析"'!K$1 -> 0.019875529
G34: 基金 | H34: =营运资本分析!H33/'"营运资本比率分析"'!H$1 -> 0.005783122 | I34: =营运资本分析!I33/'"营运资本比率分析"'!I$1 -> 0.0069040478 | J34: =营运资本分析!J33/'"营运资本比率分析"'!J$1 -> 0.006783568 | K34: =营运资本分析!K33/'"营运资本比率分析"'!K$1 -> 0.0057763258
G35: 未分配利润 | H35: =营运资本分析!H34/'"营运资本比率分析"'!H$1 -> 0.14566921 | I35: =营运资本分析!I34/'"营运资本比率分析"'!I$1 -> 0.13526298 | J35: =营运资本分析!J34/'"营运资本比率分析"'!J$1 -> 0.092598996 | K35: =营运资本分析!K34/'"营运资本比率分析"'!K$1 -> 0.0078508342
G36: 本期利润 | H36: =营运资本分析!H35/'"营运资本比率分析"'!H$1 -> 0.07516902 | I36: =营运资本分析!I35/'"营运资本比率分析"'!I$1 -> 0.017275618 | J36: =营运资本分析!J35/'"营运资本比率分析"'!J$1 -> 0.0075345353 | K36: =营运资本分析!K35/'"营运资本比率分析"'!K$1 -> 9.9874536e-05
G38: 所有者权益合计 | H38: =营运资本分析!H37/'"营运资本比率分析"'!H$1 -> 0.259356 | I38: =营运资本分析!I37/'"营运资本比率分析"'!I$1 -> 0.19164811 | J38: =营运资本分析!J37/'"营运资本比率分析"'!J$1 -> 0.13326105 | K38: =营运资本分析!K37/'"营运资本比率分析"'!K$1 -> 0.033602564
G39: 长期资金来源合计 | H39: =营运资本分析!H38/'"营运资本比率分析"'!H$1 -> 0.36445606 | I39: =营运资本分析!I38/'"营运资本比率分析"'!I$1 -> 0.3275552 | J39: =营运资本分析!J38/'"营运资本比率分析"'!J$1 -> 0.2774448 | K39: =营运资本分析!K38/'"营运资本比率分析"'!K$1 -> 0.19304158
E44: =H26 -> 1 | F44: =I26 -> 2 | G44: =J26 -> 3 | H44: =K26 -> 4
D46: 营运资本来源 | E46: =营运资本分析!E45/'"营运资本比率分析"'!B1 -> 0.24296685 | F46: =营运资本分析!F45/'"营运资本比率分析"'!C1 -> 0.17590769 | G46: =营运资本分析!G45/'"营运资本比率分析"'!D1 -> 0.12377723 | H46: =营运资本分析!H45/'"营运资本比率分析"'!E1 -> 0.011776748

Sheet 营运资本金字塔1
H2: 净现金
H3: =D6-L6 -> 3619.47
D5: 营运资本来源 | L5: 营运资本所需
D6: =F9-B9 -> 11133.47 | L6: =J9-N9 -> 7514
B8: 长期占用 | F8: 长期来源 | J8: 短期占用 | N8: 短期来源
B9: =B13 -> 5567 | F9: =E13+G13 -> 16700.47 | J9: =I13+J13+K13+L13 -> 19434 | N9: =M13+N13+O13 -> 11920
B12: 长期资产 | E12: 长期负债 | G12: 所有者权益 | I12: 应收账款 | J12: 预付款 | K12: 存货 | L12: 其它流动资产 | M12: 应付账款 | N12: 预收款 | O12: 其它流动负债
B13: =A17+B17+C17 -> 5567 | E13: =资产负债表!H15 -> 4816 | G13: =D17+E17+F17+G17 -> 11884.47 | I13: =资产负债表!C5 -> 14559 | J13: =资产负债表!C6 -> 0 | K13: =资产负债表!C7 -> 4575 | L13: =资产负债表!C8 -> 300 | M13: =资产负债表!H5 -> 7408 | N13: =资产负债表!H6 -> 0 | O13: =资产负债表!H7 -> 4512
A16: 固定资产 | B16: 无形资产 | C16: 长期投资 | D16: 实收资本 | E16: 基金 | F16: 未分配利润 | G16: 本期利润 | I16: A存货 | J16: B存货 | K16: C存货
A17: =资产负债表!C13 -> 5567 | B17: =资产负债表!C14 -> 0 | C17: =资产负债表!C15 -> 0 | D17: =资产负债表!H17 -> 1500 | E17: =资产负债表!H18 -> 265 | F17: =资产负债表!H19 -> 6675 | G17: =A21-B21-C21-D21-E21-F21-G21-H21 -> 3444.47
A20: 收入 | B20: 产品销售成本 | C20: 销售费用 | D20: 管理费用 | E20: 其它收支 | F20: 财务收支 | G20: 营业外收支 | H20: 所得税
A21: ='"利润表"'!C4 -> 45823 | B21: ='"利润表"'!C5 -> 30485 | C21: ='"利润表"'!C7 -> 3000 | D21: ='"利润表"'!C9 -> 5692 | E21: ='"利润表"'!C10 -> 0 | F21: ='"利润表"'!C13-'"利润表"'!C12 -> 1249 | G21: ='"利润表"'!C15 -> 256 | H21: ='"利润表"'!C17 -> 1696.53

Sheet 营运资本金字塔2
H2: 净现金
H3: =D6-L6 -> 2171.27
D5: 营运资本来源 | L5: 营运资本所需
D6: =F9-B9 -> 8739.27 | L6: =J9-N9 -> 6568
B8: 长期占用 | F8: 长期来源 | J8: 短期占用 | N8: 短期来源
B9: =B13 -> 7534 | F9: =E13+G13 -> 16273.27 | J9: =I13+J13+K13+L13 -> 18398 | N9: =M13+N13+O13 -> 11830
B12: 长期资产 | E12: 长期负债 | G12: 所有者权益 | I12: 应收账款 | J12: 预付款 | K12: 存货 | L12: 其它流动资产 | M12: 应付账款 | N12: 预收款 | O12: 其它流动负债
B13: =A17+B17+C17 -> 7534 | E13: =资产负债表!I15 -> 6752 | G13: =D17+E17+F17+G17 -> 9521.27 | I13: =资产负债表!D5 -> 14621 | J13: =资产负债表!D6 -> 0 | K13: =资产负债表!D7 -> 2654 | L13: =资产负债表!D8 -> 1123 | M13: =资产负债表!I5 -> 8865 | N13: =资产负债表!I6 -> 0 | O13: =资产负债表!I7 -> 2965
A16: 固定资产 | B16: 无形资产 | C16: 长期投资 | D16: 实收资本 | E16: 基金 | F16: 未分配利润 | G16: 本期利润 | I16: A存货 | J16: B存货 | K16: C存货
A17: =资产负债表!D13 -> 7534 | B17: =资产负债表!D14 -> 0 | C17: =资产负债表!D15 -> 0 | D17: =资产负债表!I17 -> 1600 | E17: =资产负债表!I18 -> 343 | F17: =资产负债表!I19 -> 6720 | G17: =A21-B21-C21-D21-E21-F21-G21-H21 -> 858.27
A20: 收入 | B20: 产品销售成本 | C20: 销售费用 | D20: 管理费用 | E20: 其它收支 | F20: 财务收支 | G20: 营业外收支 | H20: 所得税
A21: ='"利润表"'!E4 -> 49681 | B21: ='"利润表"'!E5 -> 32056 | C21: ='"利润表"'!E7 -> 8778 | D21: ='"利润表"'!E9 -> 6321 | E21: ='"利润表"'!E10 -> 0 | F21: ='"利润表"'!E13-'"利润表"'!E12 -> 1010 | G21: ='"利润表"'!E15 -> 235 | H21: ='"利润表"'!E17 -> 422.73

Sheet 营运资本金字塔3
H2: 净现金
H3: =D6-L6 -> -3824.39
D5: 营运资本来源 | L5: 营运资本所需
D6: =F9-B9 -> 7517.61 | L6: =J9-N9 -> 11342
B8: 长期占用 | F8: 长期来源 | J8: 短期占用 | N8: 短期来源
B9: =B13 -> 9333 | F9: =E13+G13 -> 16850.61 | J9: =I13+J13+K13+L13 -> 29713 | N9: =M13+N13+O13 -> 18371
B12: 长期资产 | E12: 长期负债 | G12: 所有者权益 | I12: 应收账款 | J12: 预付款 | K12: 存货 | L12: 其它流动资产 | M12: 应付账款 | N12: 预收款 | O12: 其它流动负债
B13: =A17+B17+C17 -> 9333 | E13: =资产负债表!J15 -> 8757 | G13: =D17+E17+F17+G17 -> 8093.61 | I13: =资产负债表!E5 -> 24050 | J13: =资产负债表!E6 -> 0 | K13: =资产负债表!E7 -> 3543 | L13: =资产负债表!E8 -> 2120 | M13: =资产负债表!J5 -> 14520 | N13: =资产负债表!J6 -> 0 | O13: =资产负债表!J7 -> 3851
A16: 固定资产 | B16: 无形资产 | C16: 长期投资 | D16: 实收资本 | E16: 基金 | F16: 未分配利润 | G16: 本期利润 | I16: A存货 | J16: B存货 | K16: C存货
A17: =资产负债表!E13 -> 9333 | B17: =资产负债表!E14 -> 0 | C17: =资产负债表!E15 -> 0 | D17: =资产负债表!J17 -> 1600 | E17: =资产负债表!J18 -> 412 | F17: =资产负债表!J19 -> 5624 | G17: =A21-B21-C21-D21-E21-F21-G21-H21 -> 457.61
A20: 收入 | B20: 产品销售成本 | C20: 销售费用 | D20: 管理费用 | E20: 其它收支 | F20: 财务收支 | G20: 营业外收支 | H20: 所得税
A21: ='"利润表"'!G4 -> 60735 | B21: ='"利润表"'!G5 -> 39685 | C21: ='"利润表"'!G7 -> 10742 | D21: ='"利润表"'!G9 -> 7965 | E21: ='"利润表"'!G10 -> 0 | F21: ='"利润表"'!G13-'"利润表"'!G12 -> 1652 | G21: ='"利润表"'!G15 -> 8 | H21: ='"利润表"'!G17 -> 225.39

Sheet 营运资本金字塔4
H2: 净现金
H3: =D6-L6 -> -14389.96
D5: 营运资本来源 | L5: 营运资本所需
D6: =F9-B9 -> 948.04 | L6: =J9-N9 -> 15338
B8: 长期占用 | F8: 长期来源 | J8: 短期占用 | N8: 短期来源
B9: =B13 -> 14592 | F9: =E13+G13 -> 15540.04 | J9: =I13+J13+K13+L13 -> 35227 | N9: =M13+N13+O13 -> 19889
B12: 长期资产 | E12: 长期负债 | G12: 所有者权益 | I12: 应收账款 | J12: 预付款 | K12: 存货 | L12: 其它流动资产 | M12: 应付账款 | N12: 预收款 | O12: 其它流动负债
B13: =A17+B17+C17 -> 14592 | E13: =资产负债表!K15 -> 12835 | G13: =D17+E17+F17+G17 -> 2705.04 | I13: =资产负债表!F5 -> 29373 | J13: =资产负债表!F6 -> 0 | K13: =资产负债表!F7 -> 3369 | L13: =资产负债表!F8 -> 2485 | M13: =资产负债表!K5 -> 16254 | N13: =资产负债表!K6 -> 0 | O13: =资产负债表!K7 -> 3635
A16: 固定资产 | B16: 无形资产 | C16: 长期投资 | D16: 实收资本 | E16: 基金 | F16: 未分配利润 | G16: 本期利润 | I16: A存货 | J16: B存货 | K16: C存货
A17: =资产负债表!F13 -> 14592 | B17: =资产负债表!F14 -> 0 | C17: =资产负债表!F15 -> 0 | D17: =资产负债表!K17 -> 1600 | E17: =资产负债表!K18 -> 465 | F17: =资产负债表!K19 -> 632 | G17: =A21-B21-C21-D21-E21-F21-G21-H21 -> 8.04
A20: 收入 | B20: 产品销售成本 | C20: 销售费用 | D20: 管理费用 | E20: 其它收支 | F20: 财务收支 | G20: 营业外收支 | H20: 所得税
A21: ='"利润表"'!I4 -> 80501 | B21: ='"利润表"'!I5 -> 52136 | C21: ='"利润表"'!I7 -> 14229 | D21: ='"利润表"'!I9 -> 10658 | E21: ='"利润表"'!I10 -> 0 | F21: ='"利润表"'!I13-'"利润表"'!I12 -> 3457 | G21: ='"利润表"'!I15 -> 9 | H21: ='"利润表"'!I17 -> 3.96

Sheet "比率分析"
A1: 标准值的分数 | B1: 5
F4: 1000 | G4: 4 | H4: 1.5 | I4: 1.25 | K4: 1.33 | L4: 1.66 | M4: 2
B5: =资产负债表!C2 -> 1 | C5: =资产负债表!D2 -> 2 | D5: =资产负债表!E2 -> 3 | E5: =资产负债表!F2 -> 4 | F5: very very weak | G5: very weak | H5: weak | I5: little weak | J5: standard or target | K5: little strong | L5: strong | M5: very strong
A6: 速动比率 | B6: =(资产负债表!C11-资产负债表!C7)/资产负债表!H10 -> 1.2784396 | C6: =(资产负债表!D11-资产负债表!D7)/资产负债表!I10 -> 1.5143702 | D6: =(资产负债表!E11-资产负债表!E7)/资产负债表!J10 -> 1.1790944 | E6: =(资产负债表!F11-资产负债表!F7)/资产负债表!K10 -> 0.92937367 | F6: =$J6/F$4 -> 0.001 | G6: =$J6/G$4 -> 0.25 | H6: =$J6/H$4 -> 0.66666667 | I6: =$J6/I$4 -> 0.8 | J6: 1 | K6: =$J6*K$4 -> 1.33 | L6: =$J6*L$4 -> 1.66 | M6: =$J6*M$4 -> 2
A7: score | B7: =HLOOKUP(B6,$F$6:$M$7,2) -> 5 | C7: =HLOOKUP(C6,$F$6:$M$7,2) -> 6.65 | D7: =HLOOKUP(D6,$F$6:$M$7,2) -> 5 | E7: =HLOOKUP(E6,$F$6:$M$7,2) -> 4 | F7: =$J7/F$4 -> 0.005 | G7: =$J7/G$4 -> 1.25 | H7: =$J7/H$4 -> 3.3333333 | I7: =$J7/I$4 -> 4 | J7: =B1 -> 5 | K7: =$J7*K$4 -> 6.65 | L7: =$J7*L$4 -> 8.3 | M7: =$J7*M$4 -> 10
A8: 存货周转率 | B8: =('"利润表"'!C5/资产负债表!C7) -> 6.663388 | C8: ='"利润表"'!E5/((资产负债表!C7+资产负债表!D7)/2) -> 8.8687232 | D8: ='"利润表"'!G5/((资产负债表!D7+资产负债表!E7)/2) -> 12.80781 | E8: ='"利润表"'!I5/((资产负债表!E7+资产负债表!F7)/2) -> 15.085648 | F8: =$J8/F$4 -> 0.008 | G8: =$J8/G$4 -> 2 | H8: =$J8/H$4 -> 5.3333333 | I8: =$J8/I$4 -> 6.4 | J8: 8 | K8: =$J8*K$4 -> 10.64 | L8: =$J8*L$4 -> 13.28 | M8: =$J8*M$4 -> 16
B9: =HLOOKUP(B8,$F$8:$M$9,2) -> 4 | C9: =HLOOKUP(C8,$F$8:$M$9,2) -> 5 | D9: =HLOOKUP(D8,$F$8:$M$9,2) -> 6.65 | E9: =HLOOKUP(E8,$F$8:$M$9,2) -> 8.3 | F9: =$J9/F$4 -> 0.005 | G9: =$J9/G$4 -> 1.25 | H9: =$J9/H$4 -> 3.3333333 | I9: =$J9/I$4 -> 4 | J9: =$J$7 -> 5 | K9: =$J9*K$4 -> 6.65 | L9: =$J9*L$4 -> 8.3 | M9: =$J9*M$4 -> 10
A10: 应收周转率 | B10: =('"利润表"'!C4*1.17)/资产负债表!C5 -> 3.6824583 | C10: =('"利润表"'!E4*1.17)/((资产负债表!C5+资产负债表!D5)/2) -> 3.9840144 | D10: =('"利润表"'!G4*1.17)/((资产负债表!D5+资产负债表!E5)/2) -> 3.6751028 | E10: =('"利润表"'!I4*1.17)/((资产负债表!E5+资产负债表!F5)/2) -> 3.5260532 | F10: =$J10/F$4 -> 0.006 | G10: =$J10/G$4 -> 1.5 | H10: =$J10/H$4 -> 4 | I10: =$J10/I$4 -> 4.8 | J10: 6 | K10: =$J10*K$4 -> 7.98 | L10: =$J10*L$4 -> 9.96 | M10: =$J10*M$4 -> 12
B11: =HLOOKUP(B10,$F$10:$M$11,2) -> 1.25 | C11: =HLOOKUP(C10,$F$10:$M$11,2) -> 1.25 | D11: =HLOOKUP(D10,$F$10:$M$11,2) -> 1.25 | E11: =HLOOKUP(E10,$F$10:$M$11,2) -> 1.25 | F11: =$J11/F$4 -> 0.005 | G11: =$J11/G$4 -> 1.25 | H11: =$J11/H$4 -> 3.3333333 | I11: =$J11/I$4 -> 4 | J11: =$J$7 -> 5 | K11: =$J11*K$4 -> 6.65 | L11: =$J11*L$4 -> 8.3 | M11: =$J11*M$4 -> 10
A12: 总资产周转率 | B12: ='"利润表"'!C4/资产负债表!C24 -> 1.8054056 | C12: ='"利润表"'!E4/资产负债表!D24 -> 1.7678184 | D12: ='"利润表"'!G4/资产负债表!E24 -> 1.555473 | E12: ='"利润表"'!I4/资产负债表!F24 -> 1.6158694 | F12: =$J12/F$4 -> 0.0015 | G12: =$J12/G$4 -> 0.375 | H12: =$J12/H$4 -> 1 | I12: =$J12/I$4 -> 1.2 | J12: 1.5 | K12: =$J12*K$4 -> 1.995 | L12: =$J12*L$4 -> 2.49 | M12: =$J12*M$4 -> 3
B13: =HLOOKUP(B12,$F12:$M13,2) -> 5 | C13: =HLOOKUP(C12,$F12:$M13,2) -> 5 | D13: =HLOOKUP(D12,$F12:$M13,2) -> 5 | E13: =HLOOKUP(E12,$F12:$M13,2) -> 5 | F13: =$J13/F$4 -> 0.005 | G13: =$J13/G$4 -> 1.25 | H13: =$J13/H$4 -> 3.3333333 | I13: =$J13/I$4 -> 4 | J13: =$J$7 -> 5 | K13: =$J13*K$4 -> 6.65 | L13: =$J13*L$4 -> 8.3 | M13: =$J13*M$4 -> 10
A14: 销售净利率ROS | B14: ='"利润表"'!C18/'"利润表"'!C4 -> 0.07516902 | C14: ='"利润表"'!E18/'"利润表"'!E4 -> 0.017275618 | D14: ='"利润表"'!G18/'"利润表"'!G4 -> 0.0075345353 | E14: ='"利润表"'!I18/'"利润表"'!I4 -> 9.9874536e-05 | F14: =$J14/F$4 -> 8.04e-05 | G14: =$J14/G$4 -> 0.0201 | H14: =$J14/H$4 -> 0.0536 | I14: =$J14/I$4 -> 0.06432 | J14: ='"利润表"'!$K$18 -> 0.0804 | K14: =$J14*K$4 -> 0.106932 | L14: =$J14*L$4 -> 0.133464 | M14: =$J14*M$4 -> 0.1608
B15: =HLOOKUP(B14,$F14:$M15,2) -> 4 | C15: =HLOOKUP(C14,$F14:$M15,2) -> 0.005 | D15: =HLOOKUP(D14,$F14:$M15,2) -> 0.005 | E15: =HLOOKUP(E14,$F14:$M15,2) -> 0.005 | F15: =$J15/F$4 -> 0.005 | G15: =$J15/G$4 -> 1.25 | H15: =$J15/H$4 -> 3.3333333 | I15: =$J15/I$4 -> 4 | J15: =$J$7 -> 5 | K15: =$J15*K$4 -> 6.65 | L15: =$J15*L$4 -> 8.3 | M15: =$J15*M$4 -> 10
A16: 总资产净利率ROA | B16: ='"利润表"'!C18/资产负债表!C24 -> 0.13571057 | C16: ='"利润表"'!E18/资产负债表!D24 -> 0.030540156 | D16: ='"利润表"'!G18/资产负债表!E24 -> 0.011719766 | E16: ='"利润表"'!I18/资产负债表!F24 -> 0.00016138421 | F16: =$J16/F$4 -> 6e-05 | G16: =$J16/G$4 -> 0.015 | H16: =$J16/H$4 -> 0.04 | I16: =$J16/I$4 -> 0.048 | J16: 0.06 | K16: =$J16*K$4 -> 0.0798 | L16: =$J16*L$4 -> 0.0996 | M16: =$J16*M$4 -> 0.12
B17: =HLOOKUP(B16,$F16:$M17,2) -> 10 | C17: =HLOOKUP(C16,$F16:$M17,2) -> 1.25 | D17: =HLOOKUP(D16,$F16:$M17,2) -> 0.005 | E17: =HLOOKUP(E16,$F16:$M17,2) -> 0.005 | F17: =$J17/F$4 -> 0.005 | G17: =$J17/G$4 -> 1.25 | H17: =$J17/H$4 -> 3.3333333 | I17: =$J17/I$4 -> 4 | J17: =$J$7 -> 5 | K17: =$J17*K$4 -> 6.65 | L17: =$J17*L$4 -> 8.3 | M17: =$J17*M$4 -> 10
A18: 权益净利率ROE | B18: ='"利润表"'!C18/资产负债表!H22 -> 0.2898295 | C18: ='"利润表"'!E18/资产负债表!I22 -> 0.090142386 | D18: ='"利润表"'!G18/资产负债表!J22 -> 0.056539665 | E18: ='"利润表"'!I18/资产负债表!K22 -> 0.0029722296 | F18: =$J18/F$4 -> 0.0003 | G18: =$J18/G$4 -> 0.075 | H18: =$J18/H$4 -> 0.2 | I18: =$J18/I$4 -> 0.24 | J18: 0.3 | K18: =$J18*K$4 -> 0.399 | L18: =$J18*L$4 -> 0.498 | M18: =$J18*M$4 -> 0.6
B19: =HLOOKUP(B18,$F18:$M19,2) -> 4 | C19: =HLOOKUP(C18,$F18:$M19,2) -> 1.25 | D19: =HLOOKUP(D18,$F18:$M19,2) -> 0.005 | E19: =HLOOKUP(E18,$F18:$M19,2) -> 0.005 | F19: =$J19/F$4 -> 0.005 | G19: =$J19/G$4 -> 1.25 | H19: =$J19/H$4 -> 3.3333333 | I19: =$J19/I$4 -> 4 | J19: =$J$7 -> 5 | K19: =$J19*K$4 -> 6.65 | L19: =$J19*L$4 -> 8.3 | M19: =$J19*M$4 -> 10
A20: 资产负债率 | B20: =(资产负债表!H9+资产负债表!H15+资产负债表!H4)/资产负债表!H24 -> 0.5847563 | C20: =(资产负债表!I9+资产负债表!I15+资产负债表!I4)/资产负债表!I24 -> 0.66120419 | D20: =(资产负债表!J9+资产负债表!J15+资产负债表!J4)/资产负债表!J24 -> 0.79271396 | E20: =(资产负债表!K9+资产负债表!K15+资产负债表!K4)/资产负债表!K24 -> 0.94570269 | F20: =$J20/F$4 -> 0.0005 | G20: =$J20/G$4 -> 0.125 | H20: =$J20/H$4 -> 0.33333333 | I20: =$J20/I$4 -> 0.4 | J20: 0.5 | K20: =$J20*K$4 -> 0.665 | L20: =$J20*L$4 -> 0.83 | M20: =$J20*M$4 -> 1
B21: =HLOOKUP(B20,$F20:$M21,2) -> 5 | C21: =HLOOKUP(C20,$F20:$M21,2) -> 5 | D21: =HLOOKUP(D20,$F20:$M21,2) -> 6.65 | E21: =HLOOKUP(E20,$F20:$M21,2) -> 8.3 | F21: =$J21/F$4 -> 0.005 | G21: =$J21/G$4 -> 1.25 | H21: =$J21/H$4 -> 3.3333333 | I21: =$J21/I$4 -> 4 | J21: =$J$7 -> 5 | K21: =$J21*K$4 -> 6.65 | L21: =$J21*L$4 -> 8.3 | M21: =$J21*M$4 -> 10
A22: 财务杠杆 | B22: =资产负债表!H24/资产负债表!H22 -> 2.4082243 | C22: =资产负债表!I24/资产负债表!I22 -> 2.9516304 | D22: =资产负债表!J24/资产负债表!J22 -> 4.8242515 | E22: =资产负债表!K24/资产负债表!K22 -> 18.417118 | F22: =$J22/F$4 -> 0.0025 | G22: =$J22/G$4 -> 0.625 | H22: =$J22/H$4 -> 1.6666667 | I22: =$J22/I$4 -> 2 | J22: 2.5 | K22: =$J22*K$4 -> 3.325 | L22: =$J22*L$4 -> 4.15 | M22: =$J22*M$4 -> 5
B23: =HLOOKUP(B22,$F22:$M23,2) -> 4 | C23: =HLOOKUP(C22,$F22:$M23,2) -> 5 | D23: =HLOOKUP(D22,$F22:$M23,2) -> 8.3 | E23: =HLOOKUP(E22,$F22:$M23,2) -> 10 | F23: =$J23/F$4 -> 0.005 | G23: =$J23/G$4 -> 1.25 | H23: =$J23/H$4 -> 3.3333333 | I23: =$J23/I$4 -> 4 | J23: =$J$7 -> 5 | K23: =$J23*K$4 -> 6.65 | L23: =$J23*L$4 -> 8.3 | M23: =$J23*M$4 -> 10

Sheet "比率金字塔1"
H2: 权益净利率 | I2: 目标 | J2: 偏差容忍度
H3: =D8*I8*L8 -> 0.3268215 | I3: ='"比率分析"'!J18 -> 0.3 | J3: 0.1
D7: 销售净利率 | E7: 目标 | F7: 偏差容忍度 | I7: 总资产周转率 | J7: 目标 | K7: 偏差容忍度 | L7: 财务杠杆 | M7: 目标 | N7: 偏差容忍度
D8: =A13-B13-C13-D13-E13-F13-G13-H13 -> 0.07516902 | E8: ='"比率分析"'!J14 -> 0.0804 | F8: 0.05 | I8: =1/((1/F20)+(1/G20)) -> 1.8054056 | J8: ='"比率分析"'!J12 -> 1.5 | K8: 0.1 | L8: =(K13+M13)/M13 -> 2.4082243 | M8: ='"比率分析"'!J22 -> 2.5 | N8: 0.1
A12: 收入/收入 | B12: 产品销售成本/收入 | C12: 销售费用/收入 | D12: 管理费用/收入 | E12: 其它收支/收入 | F12: 财务收支/收入 | G12: 营业外收支/收入 | H12: 所得税/收入 | J12: 外部借 | K12: 负债 | M12: 权益 | N12: 老板出1元
A13: ='"利润表"'!D4 -> 1 | B13: ='"利润表"'!D5 -> 0.66527726 | C13: ='"利润表"'!D7 -> 0.065469306 | D13: ='"利润表"'!D9 -> 0.1242171 | E13: ='"利润表"'!D10 -> 0 | F13: ='"利润表"'!D13-'"利润表"'!D12 -> 0.027257054 | G13: ='"利润表"'!D15 -> 0.0055867141 | H13: ='"利润表"'!D17 -> 0.037023547 | J13: =K13/M13 -> 1.4082243 | K13: =J18+K18 -> 16736 | M13: =(M18+N18+O18+P18) -> 11884.47 | N13: =M13/M13 -> 1
A14: 目标 | B14: ='"利润表"'!$K$5 -> 0.66 | C14: ='"利润表"'!$K$7 -> 0.08 | D14: ='"利润表"'!$K$9 -> 0.08 | E14: ='"利润表"'!$K$10 -> 0.025 | F14: ='"利润表"'!L13 -> 0.02 | G14: ='"利润表"'!K15 -> 0.015
A15: 偏差容忍度 | B15: 0.1 | C15: 0.1 | D15: 0.1 | E15: 0.1 | F15: 0.1 | G15: 0.1
I17: 长期借 | J17: 长期负债 | K17: 流动负债 | L17: 短期借 | M17: 实收资本 | N17: 基金 | O17: 未分配利润 | P17: 本期利润
I18: =J18/M13 -> 0.40523473 | J18: =资产负债表!H15 -> 4816 | K18: =L24+M24+N24 -> 11920 | L18: =K18/M13 -> 1.0029896 | M18: =资产负债表!H17 -> 1500 | N18: =资产负债表!H18 -> 265 | O18: =资产负债表!H19 -> 6675 | P18: =资产负债表!H20 -> 3444.47
D19: 收入 | F19: 长期资产周转率 | G19: 流动资产周转率
D20: ='"利润表"'!C4 -> 45823 | F20: =1/(C24+D24+E24) -> 8.2311838 | G20: =1/(G24+H24+I24+J24) -> 2.3126577
C23: 固定资产 | D23: 无形资产 | E23: 长期投资 | G23: 现金 | H23: 应收账款 | I23: 存货 | J23: 预付及其它流动资产 | L23: 短期借款 | M23: 应付账款 | N23: 预收及其它流动负债
C24: =资产负债表!C13/D20 -> 0.12148921 | D24: =资产负债表!C14/D20 -> 0 | E24: =资产负债表!C15/D20 -> 0 | G24: =资产负债表!C4/'"比率金字塔1"'!D$20 -> 0.0082927787 | H24: =资产负债表!C5/D20 -> 0.31772254 | I24: =资产负债表!C7/D20 -> 0.099840691 | J24: =(资产负债表!C6+资产负债表!C8)/D20 -> 0.0065469306 | L24: =资产负债表!H4 -> 0 | M24: =资产负债表!H5 -> 7408 | N24: =资产负债表!H6+资产负债表!H7 -> 4512
G25: 目标 | H25: ='"营运资本比率分析"'!F14 -> 0.3 | I25: ='"营运资本比率分析"'!F16 -> 0.1 | J25: ='"营运资本比率分析"'!F15+'"营运资本比率分析"'!F17 -> 0.03
G26: 偏差容忍度 | H26: 0.1 | I26: 0.1 | J26: 0.1

Sheet "比率金字塔2"
H2: 权益净利率 | I2: 目标 | J2: 偏差容忍度
H3: =D8*I8*L8 -> 0.089560742 | I3: ='"比率分析"'!J18 -> 0.3 | J3: 0.1
D7: 销售净利率 | E7: 目标 | F7: 偏差容忍度 | I7: 总资产周转率 | J7: 目标 | K7: 偏差容忍度 | L7: 财务杠杆 | M7: 目标 | N7: 偏差容忍度
D8: =A13-B13-C13-D13-E13-F13-G13-H13 -> 0.017275618 | E8: ='"比率分析"'!J14 -> 0.0804 | F8: 0.1 | I8: =1/((1/F20)+(1/G20)) -> 1.7563947 | J8: ='"比率分析"'!J12 -> 1.5 | K8: 0.1 | L8: =(K13+M13)/M13 -> 2.9516304 | M8: ='"比率分析"'!J22 -> 2.5 | N8: 0.1
A12: 收入/收入 | B12: 产品销售成本/收入 | C12: 销售费用/收入 | D12: 管理费用/收入 | E12: 其它收支/收入 | F12: 财务收支/收入 | G12: 营业外收支/收入 | H12: 所得税/收入 | J12: 外部借 | K12: 负债 | M12: 权益 | N12: 老板出1元
A13: ='"利润表"'!F4 -> 1 | B13: ='"利润表"'!F5 -> 0.64523661 | C13: ='"利润表"'!F7 -> 0.17668726 | D13: ='"利润表"'!F9 -> 0.12723174 | E13: ='"利润表"'!F10 -> 0 | F13: =('"利润表"'!F13-'"利润表"'!F12) -> 0.020329704 | G13: ='"利润表"'!F15 -> 0.0047301785 | H13: ='"利润表"'!F17 -> 0.0085088867 | J13: =K13/M13 -> 1.9516304 | K13: =J18+K18 -> 18582 | M13: =M18+N18+O18+P18 -> 9521.27 | N13: =M13/M13 -> 1
A14: 目标 | B14: ='"利润表"'!$K$5 -> 0.66 | C14: ='"利润表"'!$K$7 -> 0.08 | D14: ='"利润表"'!$K$9 -> 0.08 | E14: ='"利润表"'!$K$10 -> 0.025 | F14: ='"利润表"'!L13 -> 0.02 | G14: ='"利润表"'!K15 -> 0.015
A15: 偏差容忍度 | B15: 0.1 | C15: 0.1 | D15: 0.1 | E15: 0.1 | F15: 0.1 | G15: 0.1
I17: 长期借 | J17: 长期负债 | K17: 流动负债 | L17: 短期借 | M17: 实收资本 | N17: 基金 | O17: 未分配利润 | P17: 本期利润
I18: =J18/M13 -> 0.70914909 | J18: =资产负债表!I15 -> 6752 | K18: =L24+M24+N24 -> 11830 | L18: =K18/M13 -> 1.2424813 | M18: =资产负债表!I17 -> 1600 | N18: =资产负债表!I18 -> 343 | O18: =资产负债表!I19 -> 6720 | P18: =资产负债表!I20 -> 858.27
D19: 收入 | F19: 长期资产周转率 | G19: 流动资产周转率
D20: ='"利润表"'!E4 -> 49681 | F20: =1/(C24+D24+E24) -> 6.5942394 | G20: =1/(G24+H24+I24+J24) -> 2.3940592
C23: 固定资产 | D23: 无形资产 | E23: 长期投资 | G23: 现金 | H23: 应收账款 | I23: 存货 | J23: 预付及其它流动资产 | L23: 短期借款 | M23: 应付账款 | N23: 预收及其它流动负债
C24: =资产负债表!D13/D20 -> 0.15164751 | D24: =资产负债表!D14/D20 -> 0 | E24: =资产负债表!D15/D20 -> 0 | G24: =资产负债表!D4/'"比率金字塔1"'!D$20 -> 0.047377954 | H24: =资产负债表!D5/D20 -> 0.29429762 | I24: =资产负债表!D7/D20 -> 0.053420825 | J24: =(资产负债表!D6+资产负债表!D8)/D20 -> 0.022604215 | L24: =资产负债表!I4 -> 0 | M24: =资产负债表!I5 -> 8865 | N24: =资产负债表!I6+资产负债表!I7 -> 2965
G25: 目标 | H25: ='"营运资本比率分析"'!F14 -> 0.3 | I25: ='"营运资本比率分析"'!F16 -> 0.1 | J25: ='"营运资本比率分析"'!F15+'"营运资本比率分析"'!F17 -> 0.03
G26: 偏差容忍度 | H26: 0.1 | I26: 0.1 | J26: 0.1

Sheet "比率金字塔3"
H2: 权益净利率 | I2: 目标 | J2: 偏差容忍度
H3: =D8*I8*L8 -> 0.056539101 | I3: ='"比率分析"'!J18 -> 0.3 | J3: 0.1
D7: 销售净利率 | E7: 目标 | F7: 偏差容忍度 | I7: 总资产周转率 | J7: 目标 | K7: 偏差容忍度 | L7: 财务杠杆 | M7: 目标 | N7: 偏差容忍度
D8: =A13-B13-C13-D13-E13-F13-G13-H13 -> 0.0075345353 | E8: ='"比率分析"'!J14 -> 0.0804 | F8: 0.1 | I8: =1/((1/F20)+(1/G20)) -> 1.555473 | J8: ='"比率分析"'!J12 -> 1.5 | K8: 0.1 | L8: =(K13+M13)/M13 -> 4.8242515 | M8: ='"比率分析"'!J22 -> 2.5 | N8: 0.1
A12: 收入/收入 | B12: 产品销售成本/收入 | C12: 销售费用/收入 | D12: 管理费用/收入 | E12: 其它收支/收入 | F12: 财务收支/收入 | G12: 营业外收支/收入 | H12: 所得税/收入 | J12: 外部借 | K12: 负债 | M12: 权益 | N12: 老板出1元
A13: ='"利润表"'!H4 -> 1 | B13: ='"利润表"'!H5 -> 0.65341237 | C13: ='"利润表"'!H7 -> 0.17686672 | D13: ='"利润表"'!H9 -> 0.13114349 | E13: ='"利润表"'!H10 -> 0 | F13: =('"利润表"'!H13-'"利润表"'!H12) -> 0.027200132 | G13: ='"利润表"'!H15 -> 0.00013171977 | H13: ='"利润表"'!H17 -> 0.0037110398 | J13: =K13/M13 -> 3.8242515 | K13: =J18+K18 -> 30952 | M13: =M18+N18+O18+P18 -> 8093.61 | N13: =M13/M13 -> 1
A14: 目标 | B14: ='"利润表"'!$K$5 -> 0.66 | C14: ='"利润表"'!$K$7 -> 0.08 | D14: ='"利润表"'!$K$9 -> 0.08 | E14: ='"利润表"'!$K$10 -> 0.025 | F14: ='"利润表"'!L13 -> 0.02 | G14: ='"利润表"'!K15 -> 0.015
A15: 偏差容忍度 | B15: 0.1 | C15: 0.1 | D15: 0.1 | E15: 0.1 | F15: 0.1 | G15: 0.1
I17: 长期借 | J17: 长期负债 | K17: 流动负债 | L17: 短期借 | M17: 实收资本 | N17: 基金 | O17: 未分配利润 | P17: 本期利润
I18: =J18/M13 -> 1.0819647 | J18: =资产负债表!J15 -> 8757 | K18: =L24+M24+N24 -> 22195 | L18: =K18/M13 -> 2.7422868 | M18: =资产负债表!J17 -> 1600 | N18: =资产负债表!J18 -> 412 | O18: =资产负债表!J19 -> 5624 | P18: =资产负债表!J20 -> 457.61
D19: 收入 | F19: 长期资产周转率 | G19: 流动资产周转率
D20: ='"利润表"'!G4 -> 60735 | F20: =1/(C24+D24+E24) -> 6.5075538 | G20: =1/(G24+H24+I24+J24) -> 2.0440548
C23: 固定资产 | D23: 无形资产 | E23: 长期投资 | G23: 现金 | H23: 应收账款 | I23: 存货 | J23: 预付及其它流动资产 | L23: 短期借款 | M23: 应付账款 | N23: 预收及其它流动负债
C24: =资产负债表!E13/D20 -> 0.15366757 | D24: =资产负债表!E14/D20 -> 0 | E24: =资产负债表!E15/D20 -> 0 | G24: =资产负债表!E4/'"比率金字塔1"'!D$20 -> 0 | H24: =资产负债表!E5/D20 -> 0.39598255 | I24: =资产负债表!E7/D20 -> 0.058335391 | J24: =(资产负债表!E6+资产负债表!E8)/D20 -> 0.034905738 | L24: =资产负债表!J4 -> 3824 | M24: =资产负债表!J5 -> 14520 | N24: =资产负债表!J6+资产负债表!J7 -> 3851
G25: 目标 | H25: ='"营运资本比率分析"'!F14 -> 0.3 | I25: ='"营运资本比率分析"'!F16 -> 0.1 | J25: ='"营运资本比率分析"'!F15+'"营运资本比率分析"'!F17 -> 0.03
G26: 偏差容忍度 | H26: 0.1 | I26: 0.1 | J26: 0.1

Sheet "比率金字塔4"
H2: 权益净利率 | I2: 目标 | J2: 偏差容忍度
H3: =D8*I8*L8 -> 0.002972232 | I3: ='"比率分析"'!J18 -> 0.3 | J3: 0.1
D7: 销售净利率 | E7: 目标 | F7: 偏差容忍度 | I7: 总资产周转率 | J7: 目标 | K7: 偏差容忍度 | L7: 财务杠杆 | M7: 目标 | N7: 偏差容忍度
D8: =A13-B13-C13-D13-E13-F13-G13-H13 -> 9.9874536e-05 | E8: ='"比率分析"'!J14 -> 0.0804 | F8: 0.1 | I8: =1/((1/F20)+(1/G20)) -> 1.6158694 | J8: ='"比率分析"'!J12 -> 1.5 | K8: 0.1 | L8: =(K13+M13)/M13 -> 18.417118 | M8: ='"比率分析"'!J22 -> 2.5 | N8: 0.1
A12: 收入/收入 | B12: 产品销售成本/收入 | C12: 销售费用/收入 | D12: 管理费用/收入 | E12: 其它收支/收入 | F12: 财务收支/收入 | G12: 营业外收支/收入 | H12: 所得税/收入 | J12: 外部借 | K12: 负债 | M12: 权益 | N12: 老板出1元
A13: ='"利润表"'!J4 -> 1 | B13: ='"利润表"'!J5 -> 0.64764413 | C13: ='"利润表"'!J7 -> 0.17675557 | D13: ='"利润表"'!J9 -> 0.13239587 | E13: ='"利润表"'!J10 -> 0 | F13: =('"利润表"'!J13+'"利润表"'!J12) -> 0.042943566 | G13: ='"利润表"'!J15 -> 0.00011179985 | H13: ='"利润表"'!J17 -> 4.9191936e-05 | J13: =K13/M13 -> 17.417118 | K13: =J18+K18 -> 47114 | M13: =M18+N18+O18+P18 -> 2705.04 | N13: =M13/M13 -> 1
A14: 目标 | B14: ='"利润表"'!$K$5 -> 0.66 | C14: ='"利润表"'!$K$7 -> 0.08 | D14: ='"利润表"'!$K$9 -> 0.08 | E14: ='"利润表"'!$K$10 -> 0.025 | F14: ='"利润表"'!L13 -> 0.02 | G14: ='"利润表"'!K15 -> 0.015
A15: 偏差容忍度 | B15: 0.1 | C15: 0.1 | D15: 0.1 | E15: 0.1 | F15: 0.1 | G15: 0.1
I17: 长期借 | J17: 长期负债 | K17: 流动负债 | L17: 短期借 | M17: 实收资本 | N17: 基金 | O17: 未分配利润 | P17: 本期利润
I18: =J18/M13 -> 4.7448467 | J18: =资产负债表!K15 -> 12835 | K18: =L24+M24+N24 -> 34279 | L18: =K18/M13 -> 12.672271 | M18: =资产负债表!K17 -> 1600 | N18: =资产负债表!K18 -> 465 | O18: =资产负债表!K19 -> 632 | P18: =资产负债表!K20 -> 8.04
D19: 收入 | F19: 长期资产周转率 | G19: 流动资产周转率
D20: ='"利润表"'!I4 -> 80501 | F20: =1/(C24+D24+E24) -> 5.51679 | G20: =1/(G24+H24+I24+J24) -> 2.2852074
C23: 固定资产 | D23: 无形资产 | E23: 长期投资 | G23: 现金 | H23: 应收账款 | I23: 存货 | J23: 预付及其它流动资产 | L23: 短期借款 | M23: 应付账款 | N23: 预收及其它流动负债
C24: =资产负债表!F13/D20 -> 0.18126483 | D24: =资产负债表!F14/D20 -> 0 | E24: =资产负债表!F15/D20 -> 0 | G24: =资产负债表!F4/'"比率金字塔1"'!D$20 -> 0 | H24: =资产负债表!F5/D20 -> 0.36487745 | I24: =资产负债表!F7/D20 -> 0.041850412 | J24: =(资产负债表!F6+资产负债表!F8)/D20 -> 0.030869182 | L24: =资产负债表!K4 -> 14390 | M24: =资产负债表!K5 -> 16254 | N24: =资产负债表!K6+资产负债表!K7 -> 3635
G25: 目标 | H25: ='"营运资本比率分析"'!F14 -> 0.3 | I25: ='"营运资本比率分析"'!F16 -> 0.1 | J25: ='"营运资本比率分析"'!F15+'"营运资本比率分析"'!F17 -> 0.03
G26: 偏差容忍度 | H26: 0.1 | I26: 0.1 | J26: 0.1

Sheet 营运资本现金流量1-2
H2: 净现金
H3: =D6-L6 -> -1448.2
D5: 营运资本来源 | L5: 营运资本所需
D6: =F9-B9 -> -2394.2 | L6: =J9-N9 -> -946
B8: 长期占用 | F8: 长期来源 | J8: 短期占用 | N8: 短期来源
B9: =B13 -> 1967 | F9: =E13+G13 -> -427.2 | J9: =I13+J13+K13+L13 -> -1036 | N9: =M13+N13+O13 -> -90
B12: 长期资产 | E12: 长期负债 | G12: 所有者权益 | I12: 应收账款 | J12: 预付款 | K12: 存货 | L12: 其它流动资产 | M12: 应付账款 | N12: 预收款 | O12: 其它流动负债
B13: =A17+B17+C17 -> 1967 | E13: =资产负债表!I15-资产负债表!H15 -> 1936 | G13: =D17+E17+F17+G17 -> -2363.2 | I13: =资产负债表!D5-资产负债表!C5 -> 62 | J13: =资产负债表!D6-资产负债表!C6 -> 0 | K13: =资产负债表!D7-资产负债表!C7 -> -1921 | L13: =资产负债表!D8-资产负债表!C8 -> 823 | M13: =资产负债表!I5-资产负债表!H5 -> 1457 | N13: =资产负债表!I6-资产负债表!H6 -> 0 | O13: =资产负债表!I7-资产负债表!H7 -> -1547
A16: 固定资产 | B16: 无形资产 | C16: 长期投资 | D16: 实收资本 | E16: 基金 | F16: 未分配利润 | G16: 本期利润 | I16: A存货 | J16: B存货 | K16: C存货
A17: =资产负债表!D13-资产负债表!C13 -> 1967 | B17: =资产负债表!D14-资产负债表!C14 -> 0 | C17: =资产负债表!D15-资产负债表!C15 -> 0 | D17: =资产负债表!I17-资产负债表!H17 -> 100 | E17: =资产负债表!I18-资产负债表!H18 -> 78 | F17: =资产负债表!I19-资产负债表!H19 -> 45 | G17: =A21-B21-C21-D21-E21-F21-G21-H21 -> -2586.2
A20: 收入 | B20: 产品销售成本 | C20: 销售费用 | D20: 管理费用 | E20: 其它收支 | F20: 财务收支 | G20: 营业外收支 | H20: 所得税
A21: ='"利润表"'!E4-'"利润表"'!C4 -> 3858 | B21: ='"利润表"'!E5-'"利润表"'!C5 -> 1571 | C21: ='"利润表"'!E7-'"利润表"'!C7 -> 5778 | D21: ='"利润表"'!E9-'"利润表"'!C9 -> 629 | E21: ='"利润表"'!E10-'"利润表"'!C10 -> 0 | F21: =('"利润表"'!E13-'"利润表"'!C13)-('"利润表"'!E12-'"利润表"'!C12) -> -239 | G21: ='"利润表"'!E15-'"利润表"'!C15 -> -21 | H21: ='"利润表"'!E17-'"利润表"'!C17 -> -1273.8

Sheet 营运资本现金流量2-3
H2: 净现金
H3: =D6-L6 -> -5995.66
D5: 营运资本来源 | L5: 营运资本所需
D6: =F9-B9 -> -1221.66 | L6: =J9-N9 -> 4774
B8: 长期占用 | F8: 长期来源 | J8: 短期占用 | N8: 短期来源
B9: =B13 -> 1799 | F9: =E13+G13 -> 577.34 | J9: =I13+J13+K13+L13 -> 11315 | N9: =M13+N13+O13 -> 6541
B12: 长期资产 | E12: 长期负债 | G12: 所有者权益 | I12: 应收账款 | J12: 预付款 | K12: 存货 | L12: 其它流动资产 | M12: 应付账款 | N12: 预收款 | O12: 其它流动负债
B13: =A17+B17+C17 -> 1799 | E13: =资产负债表!J15-资产负债表!I15 -> 2005 | G13: =D17+E17+F17+G17 -> -1427.66 | I13: =资产负债表!E5-资产负债表!D5 -> 9429 | J13: =资产负债表!E6-资产负债表!D6 -> 0 | K13: =资产负债表!E7-资产负债表!D7 -> 889 | L13: =资产负债表!E8-资产负债表!D8 -> 997 | M13: =资产负债表!J5-资产负债表!I5 -> 5655 | N13: =资产负债表!J6-资产负债表!I6 -> 0 | O13: =资产负债表!J7-资产负债表!I7 -> 886
A16: 固定资产 | B16: 无形资产 | C16: 长期投资 | D16: 实收资本 | E16: 基金 | F16: 未分配利润 | G16: 本期利润 | I16: A存货 | J16: B存货 | K16: C存货
A17: =资产负债表!E13-资产负债表!D13 -> 1799 | B17: =资产负债表!E14-资产负债表!D14 -> 0 | C17: =资产负债表!E15-资产负债表!D15 -> 0 | D17: =资产负债表!J17-资产负债表!I17 -> 0 | E17: =资产负债表!J18-资产负债表!I18 -> 69 | F17: =资产负债表!J19-资产负债表!I19 -> -1096 | G17: =A21-B21-C21-D21-E21-F21-G21-H21 -> -400.66
A20: 收入 | B20: 产品销售成本 | C20: 销售费用 | D20: 管理费用 | E20: 其它收支 | F20: 财务收支 | G20: 营业外收支 | H20: 所得税
A21: ='"利润表"'!G4-'"利润表"'!E4 -> 11054 | B21: ='"利润表"'!G5-'"利润表"'!E5 -> 7629 | C21: ='"利润表"'!G7-'"利润表"'!E7 -> 1964 | D21: ='"利润表"'!G9-'"利润表"'!E9 -> 1644 | E21: ='"利润表"'!G10-'"利润表"'!E10 -> 0 | F21: =('"利润表"'!G13-'"利润表"'!E13)-('"利润表"'!G12-'"利润表"'!E12) -> 642 | G21: ='"利润表"'!G15-'"利润表"'!E15 -> -227 | H21: ='"利润表"'!G17-'"利润表"'!E17 -> -197.34

Sheet 营运资本现金流量3-4
H2: 净现金
H3: =D6-L6 -> -10565.57
D5: 营运资本来源 | L5: 营运资本所需
D6: =F9-B9 -> -6569.57 | L6: =J9-N9 -> 3996
B8: 长期占用 | F8: 长期来源 | J8: 短期占用 | N8: 短期来源
B9: =B13 -> 5259 | F9: =E13+G13 -> -1310.57 | J9: =I13+J13+K13+L13 -> 5514 | N9: =M13+N13+O13 -> 1518
B12: 长期资产 | E12: 长期负债 | G12: 所有者权益 | I12: 应收账款 | J12: 预付款 | K12: 存货 | L12: 其它流动资产 | M12: 应付账款 | N12: 预收款 | O12: 其它流动负债
B13: =A17+B17+C17 -> 5259 | E13: =资产负债表!K15-资产负债表!J15 -> 4078 | G13: =D17+E17+F17+G17 -> -5388.57 | I13: =资产负债表!F5-资产负债表!E5 -> 5323 | J13: =资产负债表!F6-资产负债表!E6 -> 0 | K13: =资产负债表!F7-资产负债表!E7 -> -174 | L13: =资产负债表!F8-资产负债表!E8 -> 365 | M13: =资产负债表!K5-资产负债表!J5 -> 1734 | N13: =资产负债表!K6-资产负债表!J6 -> 0 | O13: =资产负债表!K7-资产负债表!J7 -> -216
A16: 固定资产 | B16: 无形资产 | C16: 长期投资 | D16: 实收资本 | E16: 基金 | F16: 未分配利润 | G16: 本期利润 | I16: A存货 | J16: B存货 | K16: C存货
A17: =资产负债表!F13-资产负债表!E13 -> 5259 | B17: =资产负债表!F14-资产负债表!E14 -> 0 | C17: =资产负债表!F15-资产负债表!E15 -> 0 | D17: =资产负债表!K17-资产负债表!J17 -> 0 | E17: =资产负债表!K18-资产负债表!J18 -> 53 | F17: =资产负债表!K19-资产负债表!J19 -> -4992 | G17: =A21-B21-C21-D21-E21-F21-G21-H21 -> -449.57
A20: 收入 | B20: 产品销售成本 | C20: 销售费用 | D20: 管理费用 | E20: 其它收支 | F20: 财务收支 | G20: 营业外收支 | H20: 所得税
A21: ='"利润表"'!I4-'"利润表"'!G4 -> 19766 | B21: ='"利润表"'!I5-'"利润表"'!G5 -> 12451 | C21: ='"利润表"'!I7-'"利润表"'!G7 -> 3487 | D21: ='"利润表"'!I9-'"利润表"'!G9 -> 2693 | E21: ='"利润表"'!I10-'"利润表"'!G10 -> 0 | F21: =('"利润表"'!I13-'"利润表"'!G13)-('"利润表"'!I12-'"利润表"'!G12) -> 1805 | G21: ='"利润表"'!I15-'"利润表"'!G15 -> 1 | H21: ='"利润表"'!I17-'"利润表"'!G17 -> -221.43

Sheet 营运资本现金流量1-4
H2: 净现金
H3: =D6-L6 -> -18009.43
D5: 营运资本来源 | L5: 营运资本所需
D6: =F9-B9 -> -10185.43 | L6: =J9-N9 -> 7824
B8: 长期占用 | F8: 长期来源 | J8: 短期占用 | N8: 短期来源
B9: =B13 -> 9025 | F9: =E13+G13 -> -1160.43 | J9: =I13+J13+K13+L13 -> 15793 | N9: =M13+N13+O13 -> 7969
B12: 长期资产 | E12: 长期负债 | G12: 所有者权益 | I12: 应收账款 | J12: 预付款 | K12: 存货 | L12: 其它流动资产 | M12: 应付账款 | N12: 预收款 | O12: 其它流动负债
B13: =A17+B17+C17 -> 9025 | E13: =资产负债表!K15-资产负债表!H15 -> 8019 | G13: =D17+E17+F17+G17 -> -9179.43 | I13: =资产负债表!F5-资产负债表!C5 -> 14814 | J13: =资产负债表!F6-资产负债表!C6 -> 0 | K13: =资产负债表!F7-资产负债表!C7 -> -1206 | L13: =资产负债表!F8-资产负债表!C8 -> 2185 | M13: =资产负债表!K5-资产负债表!H5 -> 8846 | N13: =资产负债表!K6-资产负债表!H6 -> 0 | O13: =资产负债表!K7-资产负债表!H7 -> -877
A16: 固定资产 | B16: 无形资产 | C16: 长期投资 | D16: 实收资本 | E16: 基金 | F16: 未分配利润 | G16: 本期利润 | I16: A存货 | J16: B存货 | K16: C存货
A17: =资产负债表!F13-资产负债表!C13 -> 9025 | B17: =资产负债表!F14-资产负债表!C14 -> 0 | C17: =资产负债表!F15-资产负债表!C15 -> 0 | D17: =资产负债表!K17-资产负债表!H17 -> 100 | E17: =资产负债表!K18-资产负债表!H18 -> 200 | F17: =资产负债表!K19-资产负债表!H19 -> -6043 | G17: =A21-B21-C21-D21-E21-F21-G21-H21 -> -3436.43
A20: 收入 | B20: 产品销售成本 | C20: 销售费用 | D20: 管理费用 | E20: 其它收支 | F20: 财务收支 | G20: 营业外收支 | H20: 所得税
A21: ='"利润表"'!I4-'"利润表"'!C4 -> 34678 | B21: ='"利润表"'!I5-'"利润表"'!C5 -> 21651 | C21: ='"利润表"'!I7-'"利润表"'!C7 -> 11229 | D21: ='"利润表"'!I9-'"利润表"'!C9 -> 4966 | E21: ='"利润表"'!I10-'"利润表"'!C10 -> 0 | F21: =('"利润表"'!I13-'"利润表"'!C13)-('"利润表"'!I12-'"利润表"'!C12) -> 2208 | G21: ='"利润表"'!I15-'"利润表"'!C15 -> -247 | H21: ='"利润表"'!I17-'"利润表"'!C17 -> -1692.57
